 Dungeon Crawl Stone Soup version 0.14-a0-30-gf0b6e91 (webtiles) character file.

387 Malachi the Skirmisher (level 6, 0/49 HPs)
             Began as a Mummy Fighter on Sept 26, 2013.
             Slain by a worker ant (6 damage)
             ... on Level 4 of the Dungeon.
             The game lasted 00:05:39 (2985 turns).

Malachi the Skirmisher (Mummy Fighter)              Turns: 2985, Time: 00:05:39

HP   0/49        AC 11     Str 21      XL: 6   Next:  3%
MP   5/5         EV  6     Int  7      God:
Gold 113         SH 18     Dex 11      Spells:  0 memorised,  5 levels left

Res.Fire  : x . .   See Invis. : .   a - +0,+1 mace
Res.Cold  : + . .   Warding    : .   b - +0 scale mail
Life Prot.: + + +   Conserve   : +   c - +0 shield
Res.Poison: +       Res.Corr.  : +   d - +0 helmet
Res.Elec. : .       Clarity    : .   j - +2 elf cloak {rCorr, Cons}
Sust.Abil.: . .     Spirit.Shd : .   (no gloves)
Res.Mut.  : .       Stasis     : .   (no boots)
Res.Rott. : +       Flight     : .   (no amulet)
Saprovore : . . .                    (no ring)
                                     (no ring)

@: somewhat resistant to hostile enchantments, extremely unstealthy
A: no food or potions, fire vulnerability, restore body, cold resistance 1, life
protection 3, poison resistance, torment resistance, unbreathing
a: no special abilities


You were on level 4 of the Dungeon.
You were not hungry.

You visited 1 branch of the dungeon, and saw 4 of its levels.

You collected 93 gold pieces.

Inventory:

Hand weapons
 a - a +0,+1 mace (weapon)
Armour
 b - a +0 scale mail (worn)
 c - a +0 shield (worn)
 d - a +0 helmet (worn)
 j - a +2 elven cloak of preservation (worn)
Scrolls
 f - 3 scrolls of remove curse
 k - a scroll of recharging {unknown}
Jewellery
 g - an uncursed amulet of faith {unknown}
Books
 e - a book of Debilitation

   Spells                             Type                      Level
   Corona                             Hexes                        1
   Slow                               Hexes                        2
   Inner Flame                        Hexes/Fire                   3
   Enslavement                        Hexes                        4
   Cause Fear                         Hexes                        4
   Leda's Liquefaction                Hexes/Earth                  4


   Skills:
 + Level 4.0 Fighting
 + Level 2.3 Maces & Flails
 + Level 3.5 Armour
 + Level 1.7 Dodging
 + Level 0.6 Stealth
 + Level 3.2 Shields


You had 5 spell levels left.
You didn't know any spells.

Dungeon Overview and Level Annotations

Branches:
Dungeon (4/27)
 Temple: D:4-7

Altars:

Annotations:
D:2 Sigmund
D:3 Blork the orc


Innate Abilities, Weirdness & Mutations

You do not eat or drink.
Your flesh is vulnerable to fire.
Your flesh is cold resistant.
You are immune to negative energy.
Your system is resistant to poisons.
You are immune to unholy pain and torment.
You can survive without breathing.


Message History

You hit the worker ant.
The worker ant is lightly wounded.
The worker ant bites you.
* * * LOW HITPOINT WARNING * * *
The worker ant bites you.
* * * LOW HITPOINT WARNING * * *
You hit the worker ant.
The worker ant is heavily wounded.
You block the worker ant's attack.
You hit the worker ant.
The worker ant is heavily wounded.
The worker ant barely misses you. You block the worker ant's attack.
You hit the worker ant.
The worker ant is almost dead.
You block the worker ant's attack.
The worker ant bites you but does no damage.
You hit the worker ant but do no damage.
The worker ant is almost dead.
The worker ant bites you.
You die... a

.# .# .# ..
######### .###
#.(.@a..# ...
#.#####.####.###.#.#
#.....)<........
#.#.####.###.#.#
...#.# ... .## #.#
..... . ..# ..####
### .## .#


You could see a worker ant.

Vanquished Creatures
  A giant frog (D:3)
  An orc priest (D:3)
  Ijyb (D:3)
  7 adders
  2 worms (D:2)
  4 giant geckos
  4 orcs
  11 bats
  4 giant cockroaches
  5 goblins
  8 hobgoblins
  11 jackals
  11 kobolds
  A quokka (D:2)
  A giant newt (D:2)
  10 rats
82 creatures vanquished.

Notes
Turn   | Place    | Note
--------------------------------------------------------------
     0 | D:1      | Malachi, the Mummy Fighter, began the quest for the Orb.
     0 | D:1      | Reached XP level 1. HP: 18/18 MP: 0/0
   140 | D:1      | Reached XP level 2. HP: 20/24 MP: 1/1
   639 | D:2      | Identified a +1 elven cloak of preservation (You found it on level 2 of the Dungeon)
   716 | D:2      | Reached XP level 3. HP: 26/30 MP: 2/2
   831 | D:2      | Noticed Sigmund
  1453 | D:3      | Reached XP level 4. HP: 24/36 MP: 3/3
  1668 | D:3      | Noticed Ijyb
  1681 | D:3      | Killed Ijyb
  1681 | D:3      | Reached skill level 1 in Dodging
  1727 | D:3      | Noticed a giant frog
  1746 | D:3      | Killed a giant frog
  1746 | D:3      | Reached XP level 5. HP: 8/42 MP: 4/4
  2774 | D:3      | Noticed Blork the orc
  2911 | D:3      | Reached skill level 4 in Fighting
  2911 | D:3      | Reached XP level 6. HP: 38/49 MP: 5/5
  2924 | D:3      | HP: 1/49 [something (2)]
  2985 | D:4      | Slain by a worker ant

Action                   |  1- 3 |  4- 6 || total
-------------------------+-------+-------++-------
Melee: Mace              |   167 |   190 ||   357
  Use: Scroll            |     7 |     2 ||     9
